 Dungeon Crawl Stone Soup version 0.29.0-7-g18a832c13a (webtiles) character file.

Game seed: 15546441091952512411

21618 SensoryNuts the Carver (level 12, -5/94 HPs)
             Began as a Demonspawn Fighter on Aug 31, 2022.
             Slain by a 12-headed hydra (11 damage)
             ... on level 3 of the Lair of Beasts.
             The game lasted 00:27:02 (19446 turns).

SensoryNuts the Carver (Demonspawn Fighter)        Turns: 19446, Time: 00:27:03

Health: -5/94      AC: 23    Str: 14    XL:     12   Next: 55%
Magic:  0/12       EV:  5    Int: 10    God:
Gold:   924        SH:  6    Dex: 18    Spells: 11/11 levels left

rFire   . . .      SeeInvis .   a - +2 long sword (chaos)
rCold   . . .      Faith    .   c - +0 buckler
rNeg    . . .      Spirit   +   t - +3 plate armour
rPois   +          Reflect  .   (no helmet)
rElec   .          Harm     .   j - +1 cloak
rCorr   +          Rampage  .   K - +0 pair of gloves
Will    .....                   (boots unavailable)
Stlth   ..........              e - amulet of the acrobat
HPRegen 0.25/turn               m - ring of resist corrosion
MPRegen 0.26/turn               r - ring of poison resistance

@: no status effects
A: hooves 3, powered by pain 2, magic shield, magic regeneration, sharp scales
2, claws 1, weak 1, inability to drink after injury 1
a: no special abilities


You were on level 3 of the Lair of Beasts.
You visited 3 branches of the dungeon, and saw 16 of its levels.
You also visited: Bailey.

You collected 924 gold pieces.

Inventory:

Hand Weapons
 a - a +2 long sword of chaos (weapon)
 B - the +8 falchion "Ucwin" {vorpal, rF- Will++}
   (You found it on level 8 of the Dungeon)

   It inflicts extra damage upon your enemies.
   rF:        It makes you vulnerable to fire.
   Will:      It greatly increases your willpower.
Armour
 c - a +0 buckler (worn)
 j - a +1 cloak (worn)
 t - a +3 plate armour (worn)
 u - a +0 pair of boots
 K - a +0 pair of gloves (worn)
Jewellery
 e - an amulet of the acrobat (around neck)
 f - a ring of protection from cold
 m - a ring of resist corrosion (left hand)
 q - a ring of positive energy
 r - a ring of poison resistance (right hand)
 z - a ring of protection from fire
 I - a ring of wizardry
Wands
 b - a wand of digging (1)
 p - a wand of flame (18)
 w - a wand of charming (2) (quivered)
 y - a wand of iceblast (4)
 G - a wand of polymorph (8)
Scrolls
 d - 5 scrolls of identify
 h - 6 scrolls of poison
 l - 7 scrolls of teleportation
 o - 3 scrolls of amnesia
 x - 3 scrolls of magic mapping
 D - a scroll of vulnerability
 E - 3 scrolls of acquirement {unknown}
 F - a scroll of fog {unknown}
Potions
 g - 2 potions of mutation
 i - 9 potions of brilliance
 k - 7 potions of curing
 n - 5 potions of degeneration
 s - 3 potions of lignification
 v - 2 potions of attraction
 A - a potion of magic
 C - a potion of resistance
Miscellaneous
 H - a condenser vane


   Skills:
 + Level 8.5 Fighting
 * Level 13.6 Long Blades
 + Level 10.3 Armour
 + Level 2.6 Dodging
 + Level 2.4 Stealth
 + Level 6.1 Shields
 + Level 2.0 Evocations


You had 11 spell levels left.
You didn't know any spells.
Your spell library contained the following spells:

 Spells                   Type           Power      Damage    Failure   Level
 Foxfire                  Conj/Fire      0%         2x1d4     100%        1
 Magic Dart               Conj           0%         1d3       100%        1
 Blink                    Tloc           0%         N/A       100%        2
 Ensorcelled Hibernation  Hex/Ice        0%         N/A       100%        2
 Passwall                 Tmut/Erth      0%         N/A       100%        2
 Searing Ray              Conj           0%         2d4       100%        2
 Static Discharge         Conj/Air       0%         3-3/arc   100%        2
 Sublimation of Blood     Necr           0%         N/A       100%        2
 Wereblood                Tmut           0%         N/A       100%        2
 Conjure Flame            Conj/Fire      0%         6-21      100%        3
 Ignite Poison            Fire/Tmut/Pois 0%         N/A       100%        3
 Inner Flame              Hex/Fire       0%         N/A       100%        3
 Mephitic Cloud           Conj/Pois/Air  0%         N/A       100%        3
 Swiftness                Air            0%         N/A       100%        3
 Flame Wave               Conj/Fire      0%         2d4       100%        4
 Fulminant Prism          Conj/Hex       0%         3d6       100%        4
 Summon Ice Beast         Ice/Summ       0%         N/A       100%        4
 Freezing Cloud           Conj/Ice/Air   0%         6-21      100%        5
 Lightning Bolt           Conj/Air       0%         1d11      100%        5
 Manifold Assault         Tloc           0%         N/A       100%        5
 Summon Mana Viper        Hex/Summ       0%         N/A       100%        5
 Monstrous Menagerie      Summ           0%         N/A       100%        7
 Storm Form               Tmut/Air       0%         N/A       100%        7
 Summon Hydra             Summ           0%         N/A       100%        7
 Maxwell's Capacitive Co  Air            0%         ∞         100%        8


Dungeon Overview and Level Annotations

Branches:
Dungeon (12/15)            Temple (1/1) D:5            Lair (3/5) D:11
 Shoals (0/4) Lair:2       Spider (0/4) Lair:2          Orc (0/2) D:11
 Bailey (visited)

Altars:
Ashenzari
Cheibriados
Dithmenos
Fedhas
Gozag
Hepliaklqana
Kikubaaqudgha
Makhleb
Nemelex Xobeh
Okawaru
Qazlal
Ru
Sif Muna
Trog
Uskayaw
Vehumet
Wu Jian
Xom
Yredelemnul

Shops:
D:11 (

Portals:
Abyss: D:7

Annotations:
D:7 2 transporters, exclusion: statue, iguanaiguana's ghost, novice DgVM


Innate Abilities, Weirdness & Mutations

You have hooves in place of feet.
You sometimes gain power by taking damage.
When hurt, damage is shared between your health and your magic reserves.
You regenerate magic rapidly.
You are mostly covered in razor-sharp scales. (AC +2, Slay +2)
You have sharp fingernails.
You are weak. (Str -2)
You occasionally lose the ability to drink potions when taking damage.


Message History

The nine-headed hydra bites you but does no damage.
The nine-headed hydra bites you.
* * * LOW HITPOINT WARNING * * *
The nine-headed hydra bites you but does no damage.
The nine-headed hydra bites you.
* * * LOW HITPOINT WARNING * * *
The nine-headed hydra bites you but does no damage. x4
You lop one of the nine-headed hydra's heads off!
The eight-headed hydra grows two more!
You slash the ten-headed hydra! You freeze the ten-headed hydra.
The ten-headed hydra is severely wounded.
The ten-headed hydra bites you but does no damage.
You block the ten-headed hydra's attack.
The ten-headed hydra bites you!
* * * LOW HITPOINT WARNING * * *
The ten-headed hydra bites you but does no damage.
The ten-headed hydra barely misses you. The ten-headed hydra bites you!
* * * LOW HITPOINT WARNING * * *
The ten-headed hydra bites you but does no damage.
The ten-headed hydra barely misses you.
The ten-headed hydra bites you but does no damage. x2
You lop one of the ten-headed hydra's heads off!
The nine-headed hydra grows two more!
You slash the 11-headed hydra!
The 11-headed hydra seems to slow down.
You freeze the 11-headed hydra. Your kick misses the 11-headed hydra.
The 11-headed hydra is severely wounded.
The 11-headed hydra bites you but does no damage.
The 11-headed hydra barely misses you.
The 11-headed hydra bites you but does no damage. x2
You block the 11-headed hydra's attack.
The 11-headed hydra bites you but does no damage. x2
The 11-headed hydra bites you.
* * * LOW HITPOINT WARNING * * *
The 11-headed hydra bites you but does no damage. x3
You lop one of the 11-headed hydra's heads off!
The ten-headed hydra grows two more!
You hit the 12-headed hydra.
The 12-headed hydra resists with almost no effort.
The 12-headed hydra is heavily wounded.
You block the 12-headed hydra's attack. The 12-headed hydra bites you!
You die...

......
.⌠...⌠ .....
.....
....#...⌠
..#.... ....
..... ##...
#...#
...<..##.?D#
#....#..@#
.....#...#
#.......##
....#...#
... #.<.# .
#...# #####


You could see a 12-headed hydra (fast, agile, slow).

Vanquished Creatures
  2 two-headed ogres
  Urug (D:11)
  Nergalle (Lair:1)
  The ghost of Esekla the Slasher, a novice TeAK of Lugonu (D:6)
  Pikel (D:8)
  3 cyclopes
  A manticore (D:11)
  A black mamba (Lair:3)
  2 gargoyles (D:11)
  2 cane toads (Lair:2)
  2 rime drakes
  3 komodo dragons
  2 trolls (D:11)
  A polar bear (D:11)
  Grinder (D:5)
  5 blink frogs (Lair:2)
  A shadow (D:9)
  A wyvern (Lair:1)
  2 wraiths
  A vampire (D:11)
  Eustachio (D:5)
  3 basilisks
  22 yaks
  A steam dragon (D:8)
  4 vampire mosquitoes (D:10)
  An acid dragon (D:9)
  10 water moccasins
  8 orc warriors
  A black bear (Lair:2)
  A sky beast (D:6)
  9 wolves
  15 centaurs
  3 lemures (D:7)
  9 bullfrogs
  6 scorpions
  A necrophage (D:6)
  2 gnoll sergeants
  12 wights
  14 killer bees
  An elephant simulacrum (Lair:1)
  A lava snake (D:7)
  4 hounds
  2 orc priests
  A jelly (D:7)
  Ijyb (D:5)
  2 iguanas
  11 orc wizards
  A wolf simulacrum (Lair:1)
  16 gnolls
  3 adders
  A white imp (D:5)
  3 worms
  2 dart slugs
  31 orcs
  5 ball pythons
  6 bats
  2 endoplasms
  4 giant cockroaches
  5 hobgoblins
  3 kobolds
  2 frilled lizards
  7 goblins
  6 rats
277 creatures vanquished.

Vanquished Creatures (others)
  14 plants (D:11)
14 creatures vanquished.

Grand Total: 291 creatures vanquished

Notes
Turn   | Place    | Note
-------+----------+-------------------------------------------
     0 | D:1      | SensoryNuts the Demonspawn Fighter began the quest for the
                  | Orb.
     0 | D:1      | Reached XP level 1. HP: 18/18 MP: 1/1
   287 | D:1      | Found a faded altar of an unknown god.
   382 | D:1      | Reached skill level 2 in Long Blades
   743 | D:2      | Gained mutation: You regenerate magic rapidly. [demonic
                  | ancestry]
   743 | D:2      | Reached XP level 2. HP: 24/24 MP: 2/2
  1128 | D:2      | Gained mutation: When hurt, damage is shared between your
                  | health and your magic reserves. [demonic ancestry]
  1128 | D:2      | Reached XP level 3. HP: 24/29 MP: 3/3
  1712 | D:3      | Reached skill level 3 in Long Blades
  1793 | D:3      | Reached XP level 4. HP: 25/35 MP: 2/4
  2333 | D:3      | Identified the +4 chain mail of Scuffed Joy {rF+}
  2361 | D:3      | Found an ornate altar of the Wu Jian Council.
  2647 | D:4      | Noticed a scorpion
  2654 | D:4      | Killed a scorpion
  2655 | D:4      | Gained mutation: You are partially covered in razor-sharp
                  | scales. (AC +1, Slay +1) [demonic ancestry]
  2655 | D:4      | Reached XP level 5. HP: 30/41 MP: 3/5
  2756 | D:4      | Reached skill level 4 in Long Blades
  2811 | D:4      | Reached XP level 6. HP: 17/47 MP: 2/6
  3044 | D:4      | Found a shimmering altar of Xom.
  3500 | D:5      | Entered Level 5 of the Dungeon
  3500 | D:5      | Noticed Ijyb
  3505 | D:5      | Killed Ijyb
  3506 | D:5      | Reached skill level 1 in Dodging
  3534 | D:5      | Found a basalt altar of Yredelemnul.
  3555 | D:5      | Reached skill level 5 in Long Blades
  3631 | D:5      | Noticed Grinder
  3647 | D:5      | Paralysed by Grinder for 2 turns
  3649 | D:5      | Killed Grinder
  3650 | D:5      | Gained mutation: You have large cloven feet. [demonic
                  | ancestry]
  3650 | D:5      | Reached XP level 7. HP: 27/53 MP: 3/7
  3957 | D:5      | Noticed Eustachio
  3968 | D:5      | Killed Eustachio
  3969 | D:5      | Reached skill level 6 in Long Blades
  3998 | D:5      | Found a staircase to the Ecumenical Temple.
  4459 | Temple   | Entered the Ecumenical Temple
  4903 | D:6      | Found a runed translucent door.
  4907 | D:6      | Noticed Esekla's ghost (novice TeAK)
  4923 | D:6      | Killed Esekla's ghost
  4924 | D:6      | Reached skill level 7 in Long Blades
  4924 | D:6      | Gained mutation: You have hoof-like feet. [demonic
                  | ancestry]
  4924 | D:6      | Reached XP level 8. HP: 60/60 MP: 8/8
  5053 | D:6      | Reached skill level 5 in Armour
  5325 | D:6      | Reached skill level 8 in Long Blades
  5708 | D:6      | Gained mutation: You sometimes gain a little power by
                  | taking damage. [demonic ancestry]
  5708 | D:6      | Reached XP level 9. HP: 66/66 MP: 9/9
  6168 | D:6      | Gained mutation: You have a pair of small horns on your
                  | head. [potion of mutation]
  6168 | D:6      | Gained mutation: You occasionally lose the ability to drink
                  | potions when taking damage. [potion of mutation]
  6168 | D:6      | Gained mutation: Your spells are a little harder to cast,
                  | but a little more powerful. [potion of mutation]
  6169 | D:6      | Lost mutation: You have a pair of small horns on your head.
                  | [potion of mutation]
  6169 | D:6      | Lost mutation: You occasionally lose the ability to drink
                  | potions when taking damage. [potion of mutation]
  6169 | D:6      | Lost mutation: Your spells are a little harder to cast, but
                  | a little more powerful. [potion of mutation]
  6169 | D:6      | Gained mutation: Your muscles are strong. (Str +4, Int/Dex
                  | -1) [potion of mutation]
  6169 | D:6      | Gained mutation: Your magical capacity is low. (-10% MP)
                  | [potion of mutation]
  6170 | D:6      | Lost mutation: Your magical capacity is low. (-10% MP)
                  | [potion of mutation]
  6170 | D:6      | Lost mutation: Your muscles are strong. (Str +4, Int/Dex
                  | -1) [potion of mutation]
  6170 | D:6      | Gained mutation: You have sharp fingernails. [potion of
                  | mutation]
  6170 | D:6      | Gained mutation: You are weak. (Str -2) [potion of
                  | mutation]
  6170 | D:6      | Gained mutation: You occasionally lose the ability to drink
                  | potions when taking damage. [potion of mutation]
  6170 | D:6      | Gained mutation: You have hooves in place of feet. [potion
                  | of mutation]
  6200 | D:7      | Reached skill level 9 in Long Blades
  6322 | D:7      | Found a radiant altar of Vehumet.
  6410 | D:7      | Found an ancient bone altar of Kikubaaqudgha.
  6475 | D:7      | Found a one-way gate to the infinite horrors of the Abyss.
  6475 | D:7      | Found a transporter.
  6475 | D:7      | Found a transporter.
  6475 | D:7      | Noticed iguanaiguana's ghost (novice DgVM)
  6475 | D:7      | Noticed a worldbinder
  6653 | D:7      | Reached skill level 5 in Fighting
  7875 | D:8      | Found an opulent altar of Gozag.
  8046 | D:8      | Noticed Pikel
  8701 | D:8      | Killed Pikel
  8702 | D:8      | Reached skill level 10 in Long Blades
  8702 | D:8      | Gained mutation: You are mostly covered in razor-sharp
                  | scales. (AC +2, Slay +2) [demonic ancestry]
  8702 | D:8      | Reached XP level 10. HP: 41/75 MP: 8/10
  8933 | D:8      | Identified the +8 falchion "Ucwin" {vorpal, rF- Will++}
  9022 | D:8      | Found an iron altar of Okawaru.
  9140 | D:8      | Found a broken altar of Ashenzari.
  9350 | D:9      | Found a burning altar of Makhleb.
  9380 | D:9      | Found a flagged portal.
  9659 | D:9      | Noticed a cyclops
  9690 | Bailey   | Entered a bailey
 11325 | Bailey   | Reached skill level 11 in Long Blades
 12557 | D:9      | Killed a cyclops
 12558 | D:9      | Reached skill level 1 in Stealth
 12558 | D:9      | Reached skill level 1 in Evocations
 12783 | D:9      | Reached skill level 5 in Shields
 13062 | D:9      | Found a sparkling altar of Nemelex Xobeh.
 13268 | D:10     | Entered Level 10 of the Dungeon
 13534 | D:10     | Gained mutation: You sometimes gain power by taking damage.
                  | [demonic ancestry]
 13534 | D:10     | Reached XP level 11. HP: 83/83 MP: 11/11
 14296 | D:11     | Found a shimmering blue altar of Sif Muna.
 14491 | D:11     | Noticed a boulder beetle
 14702 | D:11     | Noticed a two-headed ogre
 14712 | D:11     | Killed a two-headed ogre
 14713 | D:11     | Reached skill level 12 in Long Blades
 14899 | D:11     | Found a staircase to the Lair.
 15102 | D:11     | Noticed Urug
 15111 | D:11     | Killed Urug
 15466 | D:11     | Found Gysahiusa's Weapon Shoppe.
 15780 | D:11     | Found a staircase to the Orcish Mines.
 15983 | D:12     | Noticed a two-headed ogre
 15983 | D:12     | Noticed a two-headed ogre
 15989 | D:12     | Killed a two-headed ogre
 16073 | D:12     | Noticed a two-headed ogre
 16074 | D:12     | Noticed a tengu warrior
 16075 | D:12     | Noticed a deep elf pyromancer
 16266 | Lair:1   | Entered Level 1 of the Lair of Beasts
 16333 | Lair:1   | Found the +7 staff of the Meek {protect, meekguard}
 16654 | D:11     | Reached XP level 12. HP: 73/92 MP: 12/12
 16965 | Lair:1   | Noticed Nergalle
 16976 | Lair:1   | Killed Nergalle
 16977 | Lair:1   | Reached skill level 13 in Long Blades
 18353 | Lair:2   | Reached skill level 10 in Armour
 18963 | Lair:2   | Identified the +2 robe of Pot Cuwn {Str+2 Int+2 Dex+3}
 19056 | Lair:2   | Found a staircase to the Shoals.
 19094 | Lair:2   | Found a hole to the Spider Nest.
 19421 | Lair:3   | Noticed a four-headed hydra
 19446 | Lair:3   | Slain by a 12-headed hydra

Illustrated notes

Levels and vault maps discovered:
D:1:      beargit_arrival_diablo_church, layout_basic,
          hellmonk_ecumenical_altar_leap_of_faith
D:2:      layout_rooms
D:3:      layout_basic, pdpol_wu_jian_five_deadly_venoms, hex_tiny,
          st_stairs_13, corexii_hall_statues_l, minmay_misc_feat_pillars,
          kennysheep_cross_bottleneck
D:4:      layout_basic, mainiacjoe_overflow_alcove_2, nicolae_zen_rock_garden,
          bh_walls_and_bars
D:5:      layout_rooms, lemuel_tele_altar, minmay_temple_entry_fiery,
          uniq_eustachio, uniq_ijyb, uniq_grinder
D:6:      layout_loops_cross, ebering_ghost_sewer_d
D:7:      layout_loops_corners, nicolae_kikubaaqudgha_miasma_corner,
          vehumet_statue, gammafunk_ghost_abyssal_escape,
          kennysheep_cluttered_room
D:8:      layout_cave_pools, mainiacjoe_overflow_big_doors,
          nicolae_gozag_cash_rules_everything_around_me, uniq_pikel
D:9:      layout_loops_cross, mainiacjoe_overflow_swirl, enter_bailey_8
D:10:     layout_basic, hangedman_decor_riveting
D:11:     layout_irregular_city, david_lair_shrubbed, orc_0_dummy, serial_shops,
          nicolae_shop_bloodbath_and_beyond, minmay_ruined_shrine, uniq_urug
D:12:     layout_cave_pools, gammafunk_ghost_wrathful_warriors, serial_shops,
          shop, minmay_misc_feat_plants
Temple:   minmay_temple_forest_path
Lair:1:   layout_long_grid, portal_ice_cave_entry_ice_simulacra,
          grunt_megastairs_5, uniq_nergalle
Lair:2:   hellmonk_ruined_rings, layout_gridlike, shoals_dummy_entry,
          nicolae_spider_entry_non_spiders, serial_bayou_pond_b
Lair:3:   layout_cave_pods, nicolae_quartered_pool_medium, grunt_megastairs_4

Skill      XL: |  1  2  3  4  5  6  7  8  9 10 11 12 |
---------------+-------------------------------------+-----
Long Blades    | 2 3 4 5 7 8 10 11 12 13 | 13.6
Armour         | 3 4 5 7 8 9 10 | 10.3
Shields        | 3 4 5 6 |  6.1
Dodging        | 1 2 |  2.6
Fighting       | 4 6 7 8 |  8.5
Stealth        | 1 2 |  2.4
Evocations     | 1 2 |  2.0

Action                   |  1- 3 |  4- 6 |  7- 9 | 10-12 || total
-------------------------+-------+-------+-------+-------++-------
Melee: Long sword        |    97 |   112 |   274 |   145 ||   628
       Kick              |       |       |    47 |   212 ||   259
       Falchion          |       |       |       |   415 ||   415
Evoke: Wand              |       |       |       |    17 ||    17
  Use: Scroll            |     9 |     4 |     7 |    13 ||    33
       Potion            |     2 |     2 |     8 |    10 ||    22
 Stab: Confused          |       |       |       |     2 ||     2
       Paralysed         |       |       |       |     2 ||     2
Armor: Scale mail        |    57 |    35 |       |       ||    92
       Plate armour      |       |    30 |   240 |   454 ||   724
Dodge: Dodged            |    43 |    43 |    48 |   174 ||   308
Block: Buckler           |    22 |    39 |    61 |   178 ||   300
